 Dungeon Crawl Stone Soup version 0.16.1-7-g2c6721e (webtiles) character file.

21368 Chiseanne the Fighter (level 12, -7/101 (102) HPs)
             Began as a Demonspawn Monk on Mar 29, 2015.
             Was a Priest of Cheibriados.
             Mangled by a sun demon (8 damage)
             ... summoned by an orc high priest
             ... on level 4 of the Orcish Mines on Mar 30, 2015.
             The game lasted 01:03:48 (14015 turns).

Chiseanne the Fighter (Demonspawn Monk)            Turns: 14015, Time: 01:03:48

HP:   -7/101 (102)  AC: 22    Str: 22    XL:     12   Next: 53%
MP:   0/25          EV: 23    Int: 27    God:    Cheibriados [***...]
Gold: 1388          SH:  0    Dex: 22    Spells: 2 memorised, 14 levels left

rFire  + . .     SeeInvis .     d - +7 flail (protect)
rCold  + . .     Clarity  .     N - +3 leather armour {rC+}
rNeg   . . .     SustAb   .     (no shield)
rPois  .         Gourm    .     (helmet restricted)
rElec  +         Spirit   +     (no cloak)
rCorr  .         Warding  .     S - +2 pair of gloves "Pnorolal" {rElec}
rMut   .         Stasis   .     (no boots)
MR     ++...                    Z - amulet of regeneration
Stlth  ++........               z - ring of protection from magic
                                M - ring of protection from magic

@: brilliant, weakened, very slow, very resistant to hostile enchantments,
unstealthy
A: horns 2, rough black scales 2, fire resistance 1, wild magic 1, magic shield,
flame cloud immunity
a: Bend Time, Temporal Distortion, Renounce Religion


You were on level 4 of the Orcish Mines.
You worshipped Cheibriados.
Cheibriados was most pleased with you.
You were completely stuffed.

You visited 2 branches of the dungeon, and saw 15 of its levels.

You collected 2006 gold pieces.
You spent 618 gold pieces at shops.

Inventory:

Hand weapons
 a - a +4 hand axe of chopping
 d - a +7 flail of protection (weapon)
 s - a +1 flail of crushing
 w - a +0 blowgun
 L - a +0 broad axe
Missiles
 e - 2 tomahawks of returning
 j - 68 bolts
 m - 45 poisoned needles
 t - 5 tomahawks of dispersal
 v - 4 throwing nets
 F - a steel tomahawk (quivered)
 G - 24 tomahawks
 U - 5 curare-tipped needles
 W - 21 bolts of penetration
Armour
 A - a +3 leather armour of magic resistance
 C - a +0 cloak of magic resistance
 I - a +2 chain mail of poison resistance
 N - a +3 leather armour of cold resistance (worn)
 S - the +2 pair of gloves "Pnorolal" (worn) {rElec}
   (You found it on level 10 of the Dungeon)

   It insulates you from electricity.
 T - a troll hide
 V - a mottled dragon hide
 Y - a +2 cloak of poison resistance
Jewellery
 o - an uncursed ring of wizardry
 r - an uncursed ring of fire
 y - an uncursed ring of wizardry
 z - a ring of protection from magic (right hand)
 M - a ring of protection from magic (left hand)
 Z - an amulet of regeneration (around neck)
Magical devices
 E - a wand of digging (6)
Scrolls
 g - a scroll of enchant weapon
 n - 2 scrolls of remove curse
 x - 7 scrolls of amnesia
 P - a scroll of teleportation
 Q - a scroll of enchant armour
Potions
 i - 2 potions of flight
 p - 5 potions of ambrosia
 u - 2 potions of restore abilities
 H - a potion of mutation
Books
 B - a book of Frost

   Spells                             Type                      Level
   a - Freeze                         Ice                          1
   b - Throw Frost                    Conjuration/Ice              2
   c - Ozocubu's Armour               Charms/Ice                   3
   d - Throw Icicle                   Conjuration/Ice              4
   e - Summon Ice Beast               Ice/Summoning                4
   f - Condensation Shield            Ice                          4
 R - a Necronomicon {highlevel}

   This book is beyond your current level of understanding.

   Spells                             Type                      Level
   a - Haunt                          Necromancy/Summoning         7
   b - Borgnjor's Revivification      Necromancy                   8
   c - Death's Door                   Charms/Necromancy            8
   d - Necromutation                  Transmutation/Necromancy     8
 X - a book of Alchemy

   Spells                             Type                      Level
   a - Sublimation of Blood           Necromancy                   2
   b - Alistair's Intoxication        Transmutation/Poison         4
   c - Condensation Shield            Ice                          4
   d - Petrify                        Transmutation/Earth          4
   e - Ignite Poison                  Fire/Transmutation           5
   f - Irradiate                      Conjuration/Transmutation    5
Comestibles
 b - 6 bread rations
 c - 7 fruits
 f - 5 slices of pizza
 D - 5 meat rations
 J - 12 royal jellies


   Skills:
 * Level 12.1 Fighting
 - Level 7.0 Armour
 * Level 11.6 Dodging
 - Level 1.7 Stealth
 - Level 3.6 Unarmed Combat
 * Level 5.1 Spellcasting
 * Level 10.0 Invocations


You had 14 spell levels left.
You knew the following spells:

 Your Spells              Type           Power        Failure   Level  Hunger
a - Ozocubu's Armour      Chrm/Ice       ####....     5%          3    #......
b - Condensation Shield   Ice            ####......   22%         4    ###....


Dungeon Overview and Level Annotations

Branches:
Dungeon (11/15)            Temple (0/1) D:6            Lair (0/8) D:8
    Orc (4/4) D:9             Elf (0/3) Orc:3

Altars:
Cheibriados
Fedhas
Nemelex Xobeh
Okawaru
Qazlal
Ru
Sif Muna
Trog
Vehumet
Xom
Zin
The Shining One
Beogh

Shops:
Orc:2 =   Orc:4 (%:}


Innate Abilities, Weirdness & Mutations

You have a pair of horns on your head.
You are mostly covered in rough black scales (AC +7, Dex -2).
Your flesh is heat resistant.
When hurt, damage is shared between your health and your magic reserves.
You are immune to clouds of flame.
Your spells are a little harder to cast, but a little more powerful.


Message History

The orange demon stings you.
* * * LOW HITPOINT WARNING * * *
The orange demon barely misses you. The hellwing gestures at you.
You resist with almost no effort. The ogre completely misses you.
The sun demon hits you!
* * * LOW HITPOINT WARNING * * *
You are engulfed in flames!
You resist.
* * * LOW HITPOINT WARNING * * *
The orc high priest mumbles some strange prayers to Beogh.
The orc high priest is healed somewhat.
The orange demon completely misses you. The orange demon closely misses you.
The hellwing completely misses you. The hellwing barely misses you.
Drink which item? (? for menu, Esc to quit)
It was a potion of brilliance.
You feel clever all of a sudden. The sun demon hits you!
* * * LOW HITPOINT WARNING * * *
You are engulfed in flames!
You resist.
You die...

## ####....##.##
##.##
##.#.#........# .##
#.........##.## .
##.#.#.##.#.##
##........#
##.#.#..#.##
#...#....#.<
##3)[#........
#.4@4)........
.......o.O§......#.
.................
................
...........o....
..........)...
............
.........# ....


You could see an orc high priest, a sun demon, an orange demon, a hellwing, an
ogre and an orc wizard.

Vanquished Creatures
  A hydra (D:11)
  Harold (D:10)
  6 orc high priests (Orc:4)
  Pikel (D:8)
  2 hill giants (D:11)
  The ghost of Hanyuu the Thaumaturge, an experienced DEWz of Sif Muna (D:7)
  An orc sorcerer (Orc:3)
  A cyclops (D:10)
  Maurice (Orc:1)
  A sixfirhy (Orc:4)
  Psyche (Orc:1)
  A gargoyle (D:10)
  A komodo dragon (D:8)
  A troll (D:10)
  Sonja (D:10)
  Prince Ribbit (D:5)
  Edmund (D:8)
  3 yaks (D:11)
  The ghost of ghwc the Conjurer, an average TeWz (D:4)
  The ghost of Huymann the Skirmisher, an average MiFi (D:3)
  Eustachio (D:9)
  A wyvern (D:10)
  4 hippogriffs
  A mottled dragon (D:11)
  3 wargs
  Menkaure (D:5)
  2 water moccasins
  13 orc warriors
  2 phantoms
  5 ogres
  A black bear (D:7)
  3 necrophages (D:8)
  6 ice beasts
  2 sky beasts
  7 centaurs
  9 giant frogs
  A wyvern zombie (D:9)
  2 scorpions
  5 killer bees (D:11)
  4 wights (D:6)
  An electric eel (D:10)
  6 hounds
  2 centaur zombies (D:8)
  18 crimson imps
  24 orc wizards
  2 quasits
  2 giant frog zombies
  A wasp zombie (D:8)
  7 jellies
  4 iguanas
  46 orc priests
  8 worker ants
  3 centaur skeletons
  A giant frog skeleton (D:10)
  A killer bee zombie (D:8)
  3 sheep (D:10)
  A human skeleton (D:8)
  Terence (D:3)
  10 gnolls
  A worker ant zombie (D:8)
  14 adders
  A river rat (D:9)
  2 white imps (D:9)
  3 shadow imps
  4 giant mites
  4 worms
  3 adder zombies
  4 giant geckos
  6 oozes
  177 orcs
  A bat skeleton (D:6)
  A bat zombie (D:6)
  6 giant cockroaches
  22 goblins
  15 hobgoblins
  14 kobolds
  3 quokkas
  A ball python (D:3)
  19 bats
  7 giant newts
  2 giant spores (D:9)
  A jackal (D:4)
  A quokka skeleton (D:5)
  A quokka zombie (D:7)
  17 rats
  5 ballistomycetes
  4 plants (D:8)
581 creatures vanquished.

Vanquished Creatures (others)
  2 slaves (D:8)
  A giant frog (D:8)
  An orc wizard (D:3)
  An orc (D:8)
  A giant spore (D:7)
  3 bushes (D:8)
  12 plants (D:8)
21 creatures vanquished.

Grand Total: 602 creatures vanquished

Notes
Turn   | Place    | Note
--------------------------------------------------------------
     0 | D:1      | Chiseanne, the Demonspawn Monk, began the quest for the Orb.
     0 | D:1      | Reached XP level 1. HP: 18/18 MP: 1/1
   269 | D:1      | Gained mutation: You have a pair of small horns on your head. [demonic ancestry]
   269 | D:1      | Reached XP level 2. HP: 22/24 MP: 2/2
   910 | D:2      | Gained mutation: When hurt, damage is shared between your health and your magic reserves. [demonic ancestry]
   910 | D:2      | Reached XP level 3. HP: 20/29 MP: 3/3
  1119 | D:2      | Found a snail-covered altar of Cheibriados.
  1135 | D:2      | Found a glowing silver altar of Zin.
  1153 | D:2      | Reached skill level 1 in Armour
  1159 | D:2      | Found a bloodstained altar of Trog.
  1162 | D:2      | Found a stormy altar of Qazlal.
  1168 | D:2      | Became a worshipper of Cheibriados the Contemplative
  1168 | D:2      | Acquired Cheibriados' first power
  1506 | D:3      | Noticed Huymann's ghost (average MiFi)
  1535 | D:3      | Reached skill level 4 in Fighting
  1535 | D:3      | Gained mutation: You are partially covered in rough black scales (AC +4, Dex -1). [demonic ancestry]
  1535 | D:3      | Reached XP level 4. HP: 33/37 MP: 4/4
  1561 | D:3      | Killed Huymann's ghost
  1561 | D:3      | Gained mutation: Your flesh is heat resistant. [demonic ancestry]
  1561 | D:3      | Reached XP level 5. HP: 9/43 MP: 1/5
  1917 | D:3      | Noticed an ice beast
  1940 | D:3      | Killed an ice beast
  1940 | D:3      | Gained mutation: You have a pair of horns on your head. [demonic ancestry]
  1940 | D:3      | Reached XP level 6. HP: 13/50 MP: 2/6
  2245 | D:3      | Acquired Cheibriados' second power
  2360 | D:3      | Reached skill level 1 in Invocations
  2383 | D:3      | Reached skill level 5 in Fighting
  2506 | D:3      | Noticed Terence
  2516 | D:3      | Killed Terence
  2633 | D:3      | Found a deep blue altar of Sif Muna.
  2802 | D:4      | Found a sacrificial altar of Ru.
  2873 | D:4      | Reached XP level 7. HP: 50/56 MP: 7/9
  3088 | D:4      | Reached skill level 5 in Dodging
  3306 | D:4      | Noticed ghwc's ghost (average TeWz)
  3347 | D:4      | Killed ghwc's ghost
  3436 | D:4      | Acquired Cheibriados' third power
  3874 | D:5      | Entered Level 5 of the Dungeon
  4082 | D:5      | Gained mutation: You are immune to clouds of flame. [demonic ancestry]
  4082 | D:5      | Reached XP level 8. HP: 63/63 MP: 12/12
  4137 | D:5      | Reached skill level 6 in Dodging
  4184 | D:5      | Found a sparkling altar of Nemelex Xobeh.
  4197 | D:5      | Found a shimmering altar of Xom.
  4220 | D:5      | Learned a level 3 spell: Ozocubu's Armour
  4289 | D:5      | Acquired Cheibriados' fourth power
  4380 | D:5      | Noticed Menkaure
  4408 | D:5      | Killed Menkaure
  4408 | D:5      | Reached skill level 5 in Armour
  4884 | D:5      | Noticed Prince Ribbit
  4891 | D:5      | Killed Prince Ribbit
  5170 | D:6      | Gained mutation: You are mostly covered in rough black scales (AC +7, Dex -2). [demonic ancestry]
  5170 | D:6      | Reached XP level 9. HP: 67/71 MP: 14/16
  5199 | D:6      | Reached skill level 7 in Dodging
  5491 | D:6      | Found a staircase to the Ecumenical Temple.
  5537 | D:6      | Found an iron altar of Okawaru.
  5695 | D:6      | Reached skill level 5 in Invocations
  6549 | D:7      | Reached skill level 8 in Dodging
  7111 | D:7      | Learned a level 4 spell: Condensation Shield
  7137 | D:7      | Noticed Hanyuu's ghost (experienced DEWz)
  7170 | D:7      | Killed Hanyuu's ghost
  7409 | D:8      | Reached skill level 9 in Dodging
  7409 | D:8      | Reached XP level 10. HP: 74/80 MP: 15/18
  7527 | D:8      | Found a radiant altar of Vehumet.
  7743 | D:8      | Noticed Pikel
  7757 | D:8      | Killed Pikel
  7836 | D:8      | Found a staircase to the Lair.
  7924 | D:8      | Noticed a komodo dragon
  7941 | D:8      | Killed a komodo dragon
  7941 | D:8      | Reached skill level 1 in Spellcasting
  7997 | D:8      | Noticed Edmund
  8021 | D:8      | Killed Edmund
  8236 | D:8      | Found a blossoming altar of Fedhas.
  8491 | D:9      | Found a staircase to the Orcish Mines.
  8674 | D:9      | Noticed Eustachio
  8692 | D:9      | Killed Eustachio
  9113 | D:9      | Found a glowing golden altar of the Shining One.
  9439 | D:10     | Entered Level 10 of the Dungeon
  9534 | D:10     | Reached XP level 11. HP: 73/89 MP: 19/21
  9548 | D:10     | Got a pair of jewelled gloves
  9554 | D:10     | Identified the +2 pair of gloves "Pnorolal" {rElec} (You found it on level 10 of the Dungeon)
  9619 | D:10     | Reached skill level 10 in Fighting
  9674 | D:10     | Noticed Sonja
  9683 | D:10     | Killed Sonja
  9925 | D:10     | Gained mutation: Your spells are a little harder to cast, but a little more powerful. [potion of beneficial mutation]
  9982 | D:10     | Noticed Harold
 10024 | D:10     | Noticed a cyclops
 10024 | D:10     | Killed Harold
 10046 | D:10     | Killed a cyclops
 10223 | D:10     | Reached skill level 11 in Fighting
 10585 | D:11     | Reached skill level 10 in Dodging
 10619 | D:11     | Noticed a hill giant
 10626 | D:11     | Killed a hill giant
 10693 | D:11     | Identified a scroll of acquirement
 11145 | D:11     | Noticed a five-headed hydra
 11159 | D:11     | Noticed a hill giant
 11174 | D:11     | Killed a five-headed hydra
 11245 | D:11     | Killed a hill giant
 11635 | Orc:1    | Entered Level 1 of the Orcish Mines
 11719 | Orc:1    | Noticed Maurice
 11719 | Orc:1    | Noticed Psyche
 11723 | Orc:1    | Killed Psyche
 11727 | Orc:1    | Killed Maurice
 12122 | Orc:2    | Reached XP level 12. HP: 90/101 MP: 14/23
 12255 | Orc:2    | Found Ippalais' Jewellery Boutique.
 12270 | Orc:2    | Found a deep blue altar of Sif Muna.
 12274 | Orc:2    | Bought an uncursed amulet of regeneration for 420 gold pieces
 12274 | Orc:2    | Bought a cursed ring of loudness for 63 gold pieces
 12618 | Orc:3    | Found a staircase to the Elven Halls.
 13106 | Orc:4    | Entered Level 4 of the Orcish Mines
 13350 | Orc:4    | Reached skill level 12 in Fighting
 13488 | Orc:4    | Found Gryckel's Food Boutique.
 13498 | Orc:4    | Bought a slice of pizza for 19 gold pieces
 13498 | Orc:4    | Bought a beef jerky for 19 gold pieces
 13498 | Orc:4    | Bought 4 fruits for 78 gold pieces
 13498 | Orc:4    | Bought a beef jerky for 19 gold pieces
 13507 | Orc:4    | Found Kutipnoeme's Weapon Shoppe.
 13654 | Orc:4    | Found a roughly hewn altar of Beogh.
 13665 | Orc:4    | Found Buunykha's Book Shoppe.
 13665 | Orc:4    | Found Wecog's Gadget Boutique.
 13666 | Orc:4    | Reached skill level 5 in Spellcasting
 14004 | Orc:4    | Reached skill level 10 in Invocations
 14015 | Orc:4    | HP: 1/101 [sun demon[an orc high priest] (8)]
 14015 | Orc:4    | Mangled by a sun demon

Action                   |  1- 3 |  4- 6 |  7- 9 | 10-12 || total
-------------------------+-------+-------+-------+-------++-------
Melee: Unarmed           |   115 |   142 |   266 |       ||   523
       Dagger            |       |       |     6 |       ||     6
       Hand axe          |       |       |   137 |   469 ||   606
       Flail             |       |       |       |   273 ||   273
Throw: Javelin           |       |       |       |    11 ||    11
       Tomahawk          |       |       |       |    13 ||    13
       Throwing net      |       |       |       |     4 ||     4
 Cast: Ozocubu's Armour  |       |       |       |     1 ||     1
Invok: Slouch            |       |       |       |    19 ||    19
Evoke: Wand              |       |       |       |     4 ||     4
  Use: Scroll            |     6 |     2 |     9 |     9 ||    26
       Potion            |       |       |       |     8 ||     8
 Stab: Sleeping          |     2 |       |     5 |    14 ||    21
       Distracted        |       |       |     1 |     1 ||     2
       Held in net/web   |       |       |       |     1 ||     1
  Eat: Chunk             |     2 |     3 |     9 |    15 ||    29
       Fruit             |       |       |     1 |     7 ||     8
       Beef jerky        |       |       |       |     5 ||     5
